 Dungeon Crawl Stone Soup version 0.18-b1-2-gd0c887e (webtiles) character file.

29 Alarkh the Insei (level 3, 26/26 HPs)
             Began as a Demonspawn Transmuter on Apr 28, 2016.
             Got out of the dungeon alive.
             The game lasted 00:00:59 (941 turns).

Alarkh the Insei (Demonspawn Transmuter)             Turns: 941, Time: 00:00:59

Health: 26/26      AC:  2    Str: 10    XL:     3   Next: 1%
Magic:  6/6        EV: 12    Int: 15    God:
Gold:   62         SH:  0    Dex: 13    Spells: 1 memorised, 5 levels left

rFire  . . .     SeeInvis .       - Unarmed
rCold  . . .     Gourm    .     b - +0 robe
rNeg   . . .     Faith    .     (no shield)
rPois  .         Spirit   .     (helmet restricted)
rElec  .         Dismiss  .     (no cloak)
rCorr  .         Reflect  .     (no gloves)
SustAt .         Harm     .     (no boots)
MR     .....                    (no amulet)
Stlth  ++........               (no ring)
                                (no ring)

@: not resistant to hostile enchantments, unstealthy
A: horns 1, nightstalker 1
a: no special abilities


You escaped.
You were not hungry.

You visited 1 branch of the dungeon, and saw 1 of its levels.

You collected 62 gold pieces.

Inventory:

Missiles
 a - 12 arrows
 h - 5 poisoned needles
Armour
 b - a +0 robe (worn)
Scrolls
 e - a scroll of random uselessness {unknown}
 f - a scroll of teleportation {unknown}
 g - a scroll of identify {unknown}
 i - a scroll of enchant weapon {unknown}
Books
 c - a book of Changes

   Spells                             Type                      Level
   a - Beastly Appendage              Transmutation                1
   b - Sticks to Snakes               Transmutation                2
   c - Spider Form                    Transmutation/Poison         3
   d - Ice Form                       Ice/Transmutation            4
   e - Blade Hands                    Transmutation                5
Comestibles
 d - 2 bread rations


   Skills:
 - Level 1.0 Fighting
 - Level 1.7 Dodging
 + Level 3.8 Unarmed Combat
 - Level 2.0 Spellcasting
 - Level 1.7 Transmutations


You had 5 spell levels left.
You knew the following spells:

 Your Spells              Type           Power        Failure   Level  Hunger
a - Beastly Appendage     Trmt           #.....       12%         1    #......


Dungeon Overview and Level Annotations

Branches:
Dungeon (1/15)

Altars:


Innate Abilities, Weirdness & Mutations

You have a pair of small horns on your head.
You are slightly more attuned to the shadows.


Message History

Your transformation is almost over.
Your talons disappear.
A rat comes into view.
You can't go up here!
Casting: Beastly Appendage
Confirm with . or Enter, or press ? or * to list all spells.
Your feet morph into talons.
Unknown command.
You closely miss the rat. You claw the rat.
You kill the rat!
No target in view!
(D) Dungeon
Where to? (Enter - D:1 @ (x,y), ? - help)
You see here a rat corpse.
There is an open door here.
Your transformation is almost over.
Your talons disappear.
There is a staircase leading out of the dungeon here.
Are you sure you want to leave the Dungeon?
This will make you lose the game!
You have escaped!

#...............#.......#
####.#############.#.#####..
#..#.#...........#.#.## ###
#....#.####.####.#.#.)#
#.##.#.#.......#.#....#
######.##.#.#.#####.#.#.#..#
.)....>##.#.#.#...#.#.#.#######
#####...#.#.#.#...#.#.#.#.....###
#.###...#.'.#...@.#.#.'.#........
.#.##...#.#.#.#...#.#.#.#.#######
#.###..##.#.#.#...#.#.#.#.# #
#####...#.#.#.#####.#.#.#.# #
......#...#.#.......#.#.#.# #
##.######.#.####.####.#.†.# # #.#
#.#...........#.### # #.#
#.#############.# ## #.#
#..............)# #.


There were no monsters in sight!

Vanquished Creatures
  An ooze (D:1)
  3 dart slugs (D:1)
  A giant gecko (D:1)
  2 goblins (D:1)
  2 hobgoblins (D:1)
  3 bats (D:1)
  3 kobolds (D:1)
  5 rats (D:1)
20 creatures vanquished.

Notes
Turn   | Place    | Note
--------------------------------------------------------------
     0 | D:1      | Alarkh the Demonspawn Transmuter began the quest for the Orb.
     0 | D:1      | Reached XP level 1. HP: 15/15 MP: 3/3
    71 | D:1      | Reached skill level 3 in Unarmed Combat
    80 | D:1      | Gained mutation: You are slightly more attuned to the shadows. [demonic ancestry]
    80 | D:1      | Reached XP level 2. HP: 9/21 MP: 3/5
   887 | D:1      | Gained mutation: You have a pair of small horns on your head. [demonic ancestry]
   887 | D:1      | Reached XP level 3. HP: 25/26 MP: 4/6
   941 | D:$      | Got out of the dungeon alive.

Skill      XL: |  1 |
---------------+----+-----
Unarmed Combat | 3 |  3.8
Fighting       | |  1.0
Dodging        | |  1.7
Spellcasting   | |  2.0
Transmutations | |  1.7

Action                   || total
-------------------------++-------
Melee: Unarmed           ||    70
       Kick              ||     7
       Punch             ||     1
 Cast: Beastly Appendage ||    15
 Stab: Sleeping          ||     2
Armor: Robe              ||    17
Dodge: Dodged            ||    39
